 Dungeon Crawl Stone Soup version 0.31-a0-329-g52107efa6a (webtiles) character file.

Game seed: 7590544889289297941

57 AdnanSaban the Covered (level 4, -4/29 HPs)
             Began as a Gargoyle Fighter on July 18, 2023.
             Slain by Sigmund
             ... wielding a +0 scythe
              (8 damage)
             ... on level 2 of the Dungeon.
             The game lasted 00:01:21 (1157 turns).

AdnanSaban the Covered (Gargoyle Fighter)           Turns: 1157, Time: 00:01:22

Health: -4/29      AC: 10    Str: 21    XL:     4   Next: 0%
Magic:  4/4        EV:  9    Int:  9    God:
Gold:   82         SH:  4    Dex:  9    Spells: 3/3 levels left

rFire   . . .        a - +0 flail
rCold   . . .        c - +0 buckler
rNeg    + . .        b - +0 scale mail
rPois   ∞            (no helmet)
rElec   +            (no cloak)
rCorr   .            (no gloves)
SInv    .            (no boots)
Will    .....        (no amulet) Stlth
                     (no ring)
HPRegen 0.24/turn    (no ring)
MPRegen 0.09/turn

%: no passive effects
@: no status effects
A: sickness immunity, AC +3, negative energy resistance 1, electricity
resistance, torment resistance 1, petrification resistance
a: no special abilities


You were on level 2 of the Dungeon.
You visited 1 branch of the dungeon, and saw 2 of its levels.

You collected 82 gold pieces.

Inventory:

Hand Weapons
 a - a +0 flail (weapon)
Armour
 b - a +0 scale mail (worn)
 c - a +0 buckler (worn)
Jewellery
 i - a ring of ice
Scrolls
 e - 2 scrolls of revelation {unknown}
 h - a scroll of immolation {unknown}
 j - 3 scrolls of teleportation {unknown}
Potions
 d - a potion of might
 f - a potion of haste {unknown}
 g - a potion of enlightenment {unknown}
 k - a potion of degeneration {unknown}
 l - a potion of curing {unknown}


   Skills:
 + Level 3.7 Fighting
 + Level 2.9 Maces & Flails
 + Level 3.9 Armour
 + Level 3.7 Shields


You had 3 spell levels left.
You didn't know any spells.
Your spell library was empty.

Dungeon Overview and Level Annotations

Branches:
Dungeon (2/15)

Altars:

Annotations:
D:2 Sigmund


Innate Abilities, Weirdness & Mutations

You are immune to sickness and miasma.
Your stone body is resilient. (AC +3)
You are immune to poison.
You resist negative energy. (rN+)
You are resistant to electric shocks. (rElec)
You are resistant to unholy torment.
You are immune to petrification.


Message History

You barely miss something. The bat barely misses you. Something hits you.
You miss something. You block the bat's attack.
The bat hits you but does no damage. Something hits you!
You closely miss something. The bat completely misses you. Something hits you.
You closely miss something. The bat hits you but does no damage.
You block the bat's attack. The bat misses you.
You barely miss something. The bat hits you but does no damage.
You block something's attack. The bat hits you but does no damage.
You barely miss something. The bat barely misses you.
Something hits you but does no damage. The bat hits you but does no damage.
You closely miss something. The bat hits you but does no damage. x2
You hear some strange, mumbled words.
You are confused.
You bump into the rock wall.
The bat hits you but does no damage. x2
You hear some strange, mumbled words.
A magic dart appears from out of thin air!
The magic dart hits you.
You closely miss something. The bat closely misses you.
You hear some strange, mumbled words.
Something tries to affect you, but you resist.
Something hits you but does no damage.
You bump into the rock wall.
The bat hits you but does no damage. The bat hits you.
You closely miss something. The bat hits you but does no damage.
Something hits you.
* * * LOW HITPOINT WARNING * * *
The bat hits you but does no damage.
You bump into the rock wall.
You feel less confused. The bat closely misses you.
Something hits you but does no damage. The bat hits you but does no damage.
You closely miss something. The bat hits you but does no damage.
You block the bat's attack. Something hits you but does no damage.
You sock something! The bat closely misses you.
You barely miss something. The bat closely misses you. Something hits you.
* * * LOW HITPOINT WARNING * * *
You miss something. The bat barely misses you.
Something hits you but does no damage.
You miss something. The bat hits you but does no damage. Something hits you!
You die...

#.########## ###
###########.##...[....
..#
#...............######
..#
#..########...........
..# #..#
###.#.######## ..#
#..# ###...#...# ..#
#.<# #.$.#####.... ..#
#..# #.#...# .#....
..####..# #.###@# .
... ....##..# # #b{.#
.. .. ........# ##.##
.. . ..#.##.## .# ...
..#.##... .#
..#.###### ## .....
..... ##...#


You could see a bat.

Vanquished Creatures
  A worm (D:2)
  A dart slug (D:1)
  A ball python (D:1)
  4 endoplasms (D:1)
  3 giant cockroaches
  8 goblins
  2 hobgoblins (D:1)
  9 jackals
  2 kobolds (D:1)
  3 quokkas
  2 bats (D:1)
  3 frilled lizards (D:1)
  5 rats
44 creatures vanquished.

Notes
Turn   | Place    | Note
-------+----------+-------------------------------------------
     0 | D:1      | AdnanSaban the Gargoyle Fighter began the quest for the
                  | Orb.
     0 | D:1      | Reached XP level 1. HP: 14/14 MP: 1/1
   244 | D:1      | Reached XP level 2. HP: 10/19 MP: 2/2
   550 | D:1      | Reached XP level 3. HP: 23/23 MP: 3/3
  1093 | D:2      | Reached XP level 4. HP: 29/29 MP: 4/4
  1134 | D:2      | Noticed Sigmund
  1157 | D:2      | Slain by Sigmund

Illustrated notes

Levels and vault maps discovered:
D:1:      dpeg_arrival_leaves_temple_mockup, layout_basic,
          minmay_misc_feat_enclosed, minmay_box_of_dots
D:2:      layout_loops_ring, serial_bayou_pond_e,
          chequers_serial_rivers_micro_d, uniq_sigmund

Action                     |  1- 3 |  4- 6 || total
---------------------------+-------+-------++-------
  Melee: Flail             |   181 |    18 ||   199
 Armour: Scale mail        |   105 |    22 ||   127
  Dodge: Dodged            |   103 |    10 ||   113
  Block: Buckler           |    39 |     4 ||    43

Table legend: (Time is in decaauts)
 A = Elapsed time spent in this place.
 B = Non-inter-level travel time spent in this place.
 C = Inter-level travel time spent in this place.
 D = Time resting spent in this place.
 E = Time spent auto-exploring this place.
 F = Levels seen in this place.
 G = Mean time per level.
                   A        B        C        D        E       F      G
               +--------+--------+--------+--------+--------+-----+--------+
         Total |   1219 |   1216 |      3 |      0 |    845 |   2 |  609.5 |
       Dungeon |   1219 |   1216 |      3 |      0 |    845 |   2 |  609.5 |
               +--------+--------+--------+--------+--------+-----+--------+

Top non-repeatable levels by time:
     D:1: 975 daAuts
     D:2: 243 daAuts
